 Dungeon Crawl Stone Soup version 0.21.1 (webtiles) character file.

369 pk666 the Chopper (level 6, -17/58 HPs)
             Began as a Minotaur Berserker on Feb 3, 2018.
             Was a Believer of Trog.
             Demolished by an ogre
             ... wielding a +0 giant spiked club
              (19 damage)
             ... on level 4 of the Dungeon.
             The game lasted 00:05:43 (2278 turns).

pk666 the Chopper (Minotaur Berserker)              Turns: 2278, Time: 00:05:44

Health: -17/58     AC:  6    Str: 24    XL:     6   Next: 41%
Magic:  5/5        EV: 16    Int:  9    God:    Trog [**....]
Gold:   85         SH:  0    Dex: 14    Spells: 5/5 levels left

rFire    . . .     SeeInvis .   a - +0 hand axe
rCold    . . .     Gourm    .   (no shield)
rNeg     . . .     Faith    .   j - +0 scale mail
rPois    .         Spirit   .   (helmet restricted)
rElec    .         Reflect  .   (no cloak)
rCorr    .         Harm     .   (no gloves)
MR       .....                  (no boots)
Stlth    +.........             (no amulet)
HPRegen  0.19/turn              (no ring)
MPRegen  0.09/turn              (no ring)

@: brilliant, agile, berserk cooldown, slowed, very slow
A: retaliatory headbutt, horns 2
a: Berserk, Trog's Hand, Burn Spellbooks, Renounce Religion


You were on level 4 of the Dungeon.
You worshipped Trog.
Trog was pleased with you.
You were very hungry.

You visited 1 branch of the dungeon, and saw 4 of its levels.

You collected 85 gold pieces.

Inventory:

Hand Weapons
 a - a +0 hand axe (weapon)
Armour
 j - a +0 scale mail (worn)
Jewellery
 g - a cursed -2 ring of intelligence {unknown}
 q - an uncursed ring of protection from fire {unknown}
Wands
 o - a wand of paralysis (7)
Scrolls
 d - a scroll of fog {unknown}
 h - a scroll of remove curse
 m - a scroll of blinking {unknown}
 n - 2 scrolls of teleportation
 p - a scroll of fear {unknown}
Potions
 e - a potion of brilliance
 f - a potion of agility
 i - a potion of berserk rage {unknown}
 k - a potion of invisibility {unknown}
 l - a potion of lignification {unknown}
Comestibles
 b - 2 chunks of flesh
 c - 8 rations


   Skills:
 + Level 6.7 Fighting
 + Level 6.7 Axes
 - Level 2.4 Armour
 - Level 2.1 Dodging


You had 5 spell levels left.
You didn't know any spells.

Dungeon Overview and Level Annotations

Branches:
Dungeon (4/15)
 Temple: D:4-7

Altars:
Nemelex Xobeh
Okawaru


Innate Abilities, Weirdness & Mutations

You reflexively headbutt those who attack you in melee.
You have a pair of horns on your head.


Message History

The ogre is lightly wounded.
You barely miss the goblin. The goblin hits you.
* * * LOW HITPOINT WARNING * * *
The ogre closely misses you. You furiously retaliate!
You headbutt the ogre. The goblin barely misses you.
The goblin barely misses you.
The ogre hits you with a giant spiked club!
* * * LOW HITPOINT WARNING * * *
Things that are here:
a club; a goblin corpse It was a potion of brilliance.
You feel clever all of a sudden. The goblin barely misses you.
The ogre hits you with a giant spiked club.
* * * LOW HITPOINT WARNING * * *
It was a potion of agility.
You feel agile all of a sudden. The goblin closely misses you.
The goblin barely misses you.
The ogre hits you with a giant spiked club!!
You die...

#... ...# .#
#.#.###.##.#
#.....†....# #
#.#.†##.#..#
##.###.##.##.#†.#
#.........##.#<)#
##...........#()#
..........g###(.##
#.......O@.)()..#
.........gg###)..#
####.#..#..# #...#
# #...........#
##.#........#
#.#....###.#
#.#.....# .#
#.#.#.<## .# ....
.#


You could see an ogre and 3 goblins.

Vanquished Creatures
  A centaur (D:4)
  A howler monkey (D:4)
  An orc wizard (D:3)
  2 worker ants (D:4)
  Natasha (D:3)
  An iguana (D:4)
  Robin (D:4)
  3 adders
  An ooze (D:2)
  4 worms
  2 dart slugs (D:2)
  2 leopard geckos
  3 orcs (D:3)
  2 giant cockroaches
  16 goblins
  8 hobgoblins
  7 kobolds
  A quokka (D:3)
  3 bats
  6 frilled lizards
  6 rats
72 creatures vanquished.

Notes
Turn   | Place    | Note
-------+----------+-------------------------------------------
     0 | D:1      | pk666 the Minotaur Berserker began the quest for the Orb.
     0 | D:1      | Reached XP level 1. HP: 19/19 MP: 0/0
   125 | D:1      | You fall through a shaft!
   161 | D:2      | Found a sparkling altar of Nemelex Xobeh.
   173 | D:2      | Reached XP level 2. HP: 20/27 MP: 1/1
   461 | D:2      | Found an iron altar of Okawaru.
   483 | D:2      | Reached XP level 3. HP: 28/34 MP: 2/2
  1313 | D:1      | You fall through a shaft!
  1434 | D:1      | Reached ** piety under Trog
  1714 | D:3      | Reached XP level 4. HP: 41/41 MP: 3/3
  1756 | D:3      | Noticed Natasha
  1767 | D:3      | Killed Natasha
  1767 | D:3      | Reached skill level 5 in Fighting
  1767 | D:3      | Reached skill level 5 in Axes
  1903 | D:3      | Reached XP level 5. HP: 27/48 MP: 4/4
  1957 | D:3      | Found a faded altar of an unknown god.
  2058 | D:4      | Noticed a centaur
  2242 | D:4      | Reached XP level 6. HP: 56/57 MP: 5/5
  2252 | D:4      | Noticed Robin
  2260 | D:4      | Killed Robin
  2277 | D:4      | HP: 2/58 [ogre/giant spiked club (2)]
  2278 | D:4      | Demolished by an ogre

Skill      XL: |  1  2  3  4  5 |
---------------+----------------+-----
Fighting       | 4 5 6 |  6.7
Axes           | 4 5 6 |  6.7
Armour         | |  2.4
Dodging        | |  2.1

Action                   |  1- 3 |  4- 6 || total
-------------------------+-------+-------++-------
Melee: Hand axe          |    86 |    75 ||   161
       Headbutt          |    13 |    11 ||    24
Invok: Berserk           |       |     1 ||     1
  Use: Scroll            |     5 |       ||     5
       Potion            |       |     2 ||     2
  Eat: Chunk             |     2 |     2 ||     4
Armor: Animal skin       |     6 |       ||     6
       Scale mail        |     4 |    27 ||    31
Dodge: Dodged            |    48 |    50 ||    98
